 Dungeon Crawl Stone Soup version 0.19.5 (webtiles) character file.

143 Haldmier the Slasher (level 5, -6/34 HPs)
             Began as a High Elf Skald on Apr 6, 2017.
             Mangled by MovingMist's ghost (14 damage)
             ... on level 3 of the Dungeon.
             The game lasted 00:11:30 (4011 turns).

Haldmier the Slasher (High Elf Skald)               Turns: 4011, Time: 00:11:30

Health: -6/34      AC:  4    Str: 12    XL:     5   Next: 4%
Magic:  5/9        EV: 11    Int: 15    God:
Gold:   129        SH:  0    Dex: 15    Spells: 4 memorised, 1 level left

rFire  . . .     SeeInvis .     a - +0 falchion
rCold  . . .     Gourm    .     b - +0 leather armour
rNeg   . . .     Faith    .     (no shield)
rPois  .         Spirit   .     r - +0 helmet
rElec  .         Reflect  .     (no cloak)
rCorr  .         Harm     .     (no gloves)
MR     .....                    (no boots)
Stlth  +.........               (no amulet)
                                (no ring)
                                (no ring)

@: no status effects
A: no striking features
a: no special abilities


You were on level 3 of the Dungeon.
You were not hungry.

You visited 1 branch of the dungeon, and saw 3 of its levels.

You collected 129 gold pieces.

Inventory:

Hand Weapons
 a - a +0 falchion (weapon)
 o - a +0 hunting sling
 v - a +1 halberd of protection
Missiles
 l - 86 stones (quivered)
Armour
 b - a +0 leather armour (worn)
 g - a +0 ring mail
 r - a +0 helmet (worn)
Jewellery
 s - a cursed -2 ring of protection {unknown}
Wands
 q - a wand of flame (31/48)
Scrolls
 e - 2 scrolls of teleportation
 h - a scroll of immolation {unknown}
 i - a scroll of enchant weapon {unknown}
 j - a scroll of magic mapping {unknown}
 n - 6 scrolls of identify {unknown}
 u - a scroll of fear {unknown}
Potions
 f - 2 potions of curing {unknown}
 m - a potion of beneficial mutation {unknown}
 p - a potion of mutation {unknown}
 t - a potion of heal wounds {unknown}
Books
 c - a book of Battle

   Spells                             Type                      Level
   a - Infusion                       Charms                       1
   b - Shroud of Golubria             Charms/Translocation         2
   c - Song of Slaying                Charms                       2
   d - Spectral Weapon                Hexes/Charms                 3
   e - Regeneration                   Charms/Necromancy            3
 x - a book of Air

   Spells                             Type                      Level
   a - Shock                          Conjuration/Air              1
   b - Swiftness                      Charms/Air                   2
   c - Repel Missiles                 Charms/Air                   2
   d - Static Discharge               Conjuration/Air              3
   e - Lightning Bolt                 Conjuration/Air              5
Comestibles
 d - 2 bread rations
 k - 2 meat rations
 w - 3 chunks of flesh


   Skills:
 - Level 2.0 Fighting
 + Level 4.5 Long Blades
 - Level 0.8 Armour
 - Level 1.1 Dodging
 - Level 2.4 Spellcasting
 + Level 0.4 Conjurations
 * Level 2.4 Hexes
 - Level 3.6 Charms
 + Level 2.1 Translocations
 + Level 0.2 Air Magic


You had one spell level left.
You knew the following spells:

 Your Spells              Type           Power        Failure   Level  Hunger
a - Infusion              Chrm           ##..         8%          1    #......
b - Shroud of Golubria    Chrm/Tloc      ##........   14%         2    ###....
c - Spectral Weapon       Hex/Chrm       ##......     24%         3    ###....
d - Shock                 Conj/Air       #...         28%         1    #......


Dungeon Overview and Level Annotations

Branches:
Dungeon (3/15)

Altars:

Annotations:
D:3 MovingMist's ghost, amateur GrFi


Message History

Your spectral weapon hits MovingMist's ghost but does no damage.
MovingMist's ghost hits you!
Your shroud falls apart!
You take 11 damage, and have 13/34 hp.
MASSIVE DAMAGE!!
You barely miss MovingMist's ghost.
MovingMist's ghost is almost destroyed.
Your spectral weapon hits MovingMist's ghost but does no damage.
MovingMist's ghost hits you.
* * * LOW HITPOINT WARNING * * *
You take 5 damage, and have 8/34 hp.
You hit MovingMist's ghost but do no damage.
MovingMist's ghost is almost destroyed.
Your spectral weapon closely misses MovingMist's ghost.
MovingMist's ghost barely misses you.
You hit MovingMist's ghost but do no damage.
MovingMist's ghost is almost destroyed.
Your spectral weapon fades away.
MovingMist's ghost keens inconsolably.
MovingMist's ghost hits you!
You die...

....# #.#.# #.# ##.##
#.#.# #.# #.# #.#.# #.#
#.# #.#.# #.#
#.######.#.# #.#
#.<......#.# #.#
#.######.#.####.######.#
#.######.#......W......#
#..............@######.#
#.######.#.###### #.#
#.#.# #.# #.#.# #.#
##### #.#######
#.......# #.####### #.#


You could see MovingMist's ghost.

Vanquished Creatures
  Robin (D:2)
  4 gnolls
  3 adders
  A worm (D:2)
  A dart slug (D:2)
  A leopard gecko (D:3)
  An orc (D:3)
  3 giant cockroaches
  12 goblins
  7 hobgoblins
  3 jackals (D:1)
  8 kobolds
  2 ball pythons
  5 bats
  A frilled lizard (D:1)
  8 rats
61 creatures vanquished.

Notes
Turn   | Place    | Note
-------+----------+-------------------------------------------
     0 | D:1      | Haldmier the High Elf Skald began the quest for the Orb.
     0 | D:1      | Reached XP level 1. HP: 14/14 MP: 4/4
   170 | D:1      | Reached skill level 3 in Long Blades
   479 | D:1      | Reached XP level 2. HP: 16/19 MP: 1/6
   483 | D:1      | Learned a level 2 spell: Shroud of Golubria
  1461 | D:2      | Noticed Robin
  1865 | D:1      | Reached skill level 4 in Long Blades
  1912 | D:1      | Reached XP level 3. HP: 24/24 MP: 0/7
  1917 | D:1      | Learned a level 3 spell: Spectral Weapon
  2209 | D:2      | Killed Robin
  2209 | D:2      | Reached skill level 1 in Hexes
  2209 | D:2      | Reached skill level 1 in Translocations
  2682 | D:2      | Reached XP level 4. HP: 25/29 MP: 4/8
  3885 | D:3      | Learned a level 1 spell: Shock
  3894 | D:3      | Reached XP level 5. HP: 34/34 MP: 3/9
  3991 | D:3      | Noticed MovingMist's ghost (amateur GrFi)
  4011 | D:3      | Mangled by MovingMist's ghost

Skill      XL: |  1  2  3  4 |
---------------+-------------+-----
Long Blades    | 3 4 |  4.5
Hexes          | 1 2 |  2.4
Translocations | 1 2 |  2.1
Fighting       | |  2.0
Armour         | |  0.8
Dodging        | |  1.1
Spellcasting   | |  2.4
Conjurations   | |  0.4
Charms         | |  3.6
Air Magic      | |  0.2

Action                   |  1- 3 |  4- 6 || total
-------------------------+-------+-------++-------
Melee: Falchion          |    95 |   100 ||   195
 Cast: Infusion          |    21 |     9 ||    30
       Shroud of Golubri |     6 |     8 ||    14
       Spectral Weapon   |     1 |     3 ||     4
  Use: Scroll            |     1 |       ||     1
  Eat: Chunk             |     6 |     4 ||    10
       Beef jerky        |       |     1 ||     1
Armor: Leather armour    |    33 |    15 ||    48
Dodge: Dodged            |    66 |    47 ||   113
       Rpst.: Falchion   |    22 |    13 ||    35
